 Dungeon Crawl Stone Soup version 0.19.1-1-g22dce08 (webtiles) character file.

53 Kwzr the Charmwright (level 3, -1/28 HPs)
             Began as a Demonspawn Skald on Jan 2, 2017.
             Slain by an adder (2 damage)
             ... on level 2 of the Dungeon.
             The game lasted 00:08:26 (1282 turns).

Kwzr the Charmwright (Demonspawn Skald)             Turns: 1282, Time: 00:08:28

Health: -1/28      AC:  5    Str: 12    XL:     3   Next: 64%
Magic:  4/6        EV: 11    Int: 14    God:
Gold:   45         SH:  0    Dex: 12    Spells: 3 memorised, 0 levels left

rFire  . . .     SeeInvis .     a - +0 hand axe
rCold  . . .     Gourm    .     b - +0 leather armour
rNeg   . . .     Faith    .     (no shield)
rPois  .         Spirit   .     (no helmet)
rElec  .         Reflect  .     h - +0 cloak
rCorr  .         Harm     .     (no gloves)
MR     .....                    (no boots)
Stlth  +.........               (no amulet)
                                (no ring)
                                (no ring)

@: lethally poisoned (-1 -> -3), infused, flying (expiring)
A: rugged brown scales 1
a: no special abilities


You were on level 2 of the Dungeon.
You were not hungry.

You visited 1 branch of the dungeon, and saw 2 of its levels.

You collected 45 gold pieces.

Inventory:

Hand Weapons
 a - a +0 hand axe (weapon)
Missiles
 i - 40 bolts
 j - 9 poisoned needles
Armour
 b - a +0 leather armour (worn)
 h - a +0 cloak (worn)
Scrolls
 e - a scroll of amnesia {unknown}
 g - 3 scrolls of identify {unknown}
 k - a scroll of teleportation {unknown}
Potions
 f - a potion of flight
Books
 c - a book of Battle

   Spells                             Type                      Level
   a - Infusion                       Charms                       1
   b - Shroud of Golubria             Charms/Translocation         2
   c - Song of Slaying                Charms                       2
   d - Spectral Weapon                Hexes/Charms                 3
   e - Regeneration                   Charms/Necromancy            3
Comestibles
 d - 2 bread rations


   Skills:
 + Level 2.7 Fighting
 - Level 2.1 Axes
 - Level 1.1 Armour
 - Level 1.0 Dodging
 - Level 2.4 Spellcasting
 + Level 0.4 Hexes
 - Level 3.0 Charms


You couldn't memorise any spells.
You knew the following spells:

 Your Spells              Type           Power        Failure   Level  Hunger
a - Infusion              Chrm           ##..         10%         1    #......
b - Song of Slaying       Chrm           ##......     14%         2    ###....
x - Spectral Weapon       Hex/Chrm       #.......     50%         3    ###....


Dungeon Overview and Level Annotations

Branches:
Dungeon (2/15)

Altars:


Innate Abilities, Weirdness & Mutations

You are partially covered in rugged brown scales. (AC +1, +3% HP)


Message History

You feel sick. The bat barely misses you. The bat hits you but does no damage.
The bat closely misses you.
There is a stone staircase leading down here.
Casting: Infusion
Confirm with . or Enter, or press ? or * to list all spells.
You begin infusing your attacks with magical energy.
The bat hits you but does no damage. The adder bites you but does no damage.
You closely miss the adder.
You feel sick. The adder closely misses you. The adder barely misses you.
You miss the adder. The adder closely misses you.
You miss the adder. The adder misses you. The adder barely misses you.
You closely miss the adder. The adder bites you.
* * * LOW HITPOINT WARNING * * *
You hit the adder.
The adder is heavily wounded.
You are starting to lose your buoyancy.
You feel sick. The adder bites you.
* * * LOW HITPOINT WARNING * * *
The adder bites you.
You die...

♣.PP......###S#.[#
♣..#.####.##.#...#
#.##.# #..S###..#
#.##.# ####.#..##
#.##.########.#.#
#.##........b.#g#
#.# ##.....####S#
#.####.###.##S#.#
#......# #.#@#..#
######.###.##.###
#.....##.#
###.####.# #.# #.#
#.# #.# #.# #.#
#.# #.# #########
#.# #.#


You could see an adder.

Vanquished Creatures
  2 adders (D:2)
  An ooze (D:1)
  A dart slug (D:1)
  A leopard gecko (D:1)
  2 bats (D:1)
  A giant cockroach (D:1)
  6 goblins (D:1)
  4 hobgoblins
  A quokka (D:2)
  A ball python (D:2)
  4 kobolds
  4 rats (D:1)
28 creatures vanquished.

Notes
Turn   | Place    | Note
-------+----------+-------------------------------------------
     0 | D:1      | Kwzr the Demonspawn Skald began the quest for the Orb.
     0 | D:1      | Reached XP level 1. HP: 16/16 MP: 3/3
   314 | D:1      | Reached skill level 1 in Dodging
   329 | D:1      | Reached skill level 1 in Armour
   329 | D:1      | Gained mutation: You are partially covered in rugged brown scales. (AC +1, +3% HP) [demonic ancestry]
   329 | D:1      | Reached XP level 2. HP: 17/23 MP: 0/5
   514 | D:1      | Reached skill level 3 in Charms
   520 | D:1      | Learned a level 2 spell: Song of Slaying
   811 | D:1      | Reached XP level 3. HP: 24/28 MP: 6/6
  1170 | D:2      | Learned a level 3 spell: Spectral Weapon
  1282 | D:2      | HP: 1/28 [adder (3)]
  1282 | D:2      | Slain by an adder

Skill      XL: |  1  2 |
---------------+-------+-----
Dodging        | 1 |  1.0
Armour         | 1 |  1.1
Charms         | 3 |  3.0
Axes           | 2 |  2.1
Fighting       | |  2.7
Spellcasting   | |  2.4
Hexes          | |  0.4

Action                   || total
-------------------------++-------
Melee: Hand axe          ||    94
 Cast: Infusion          ||     6
  Use: Potion            ||     1
 Stab: Sleeping          ||     1
  Eat: Chunk             ||     1
Armor: Leather armour    ||    41
Dodge: Dodged            ||    72
